 Dungeon Crawl Stone Soup version 0.27-a0-103-g6cd7b45605 (webtiles) character file.

Game seed: 11447394797583227383

18 Ishchenko the Skirmisher (level 2, -1/27 HPs)
             Began as a Hill Orc Monk on Jan 23, 2021.
             Slain by a hobgoblin (4 damage)
             ... on level 1 of the Dungeon.
             The game lasted 00:00:57 (832 turns).

Ishchenko the Skirmisher (Hill Orc Monk)             Turns: 832, Time: 00:00:57

Health: -1/27      AC:  2    Str: 13    XL:     2   Next: 66%
Magic:  2/2        EV: 13    Int: 10    God:
Gold:   46         SH:  0    Dex: 13    Spells: 1/1 levels left

rFire    . . .     SeeInvis .     - Unarmed
rCold    . . .     Faith    .   (no shield)
rNeg     . . .     Spirit   .   a - +0 robe
rPois    .         Reflect  .   (no helmet)
rElec    .         Harm     .   (no cloak)
rCorr    .         Rampage  .   (no gloves)
Will     .....                  (no boots)
Stlth    ++........             (no amulet)
HPRegen  0.09/turn              (no ring)
MPRegen  0.08/turn              (no ring)

@: no status effects
A: no striking features
a: no special abilities


You were on level 1 of the Dungeon.
You visited 1 branch of the dungeon, and saw 1 of its levels.

You collected 46 gold pieces.

Inventory:

Armour
 a - a +0 robe (worn)
Scrolls
 b - a scroll of identify {unknown}
 d - a scroll of remove curse {unknown}
Potions
 c - a potion of degeneration {unknown}
 e - a potion of curing {unknown}


   Skills:
 + Level 4.0 Fighting
 + Level 2.6 Dodging
 + Level 1.7 Stealth
 + Level 3.6 Unarmed Combat


You had one spell level left.
You didn't know any spells.
Your spell library was empty.

Dungeon Overview and Level Annotations

Branches:
Dungeon (1/15)

Altars:


Message History

* * * LOW HITPOINT WARNING * * *
You punch the jackal!
You kill the jackal!
You hit the kobold but do no damage. The kobold barely misses you.
You hit the kobold but do no damage. The kobold hits you.
* * * LOW HITPOINT WARNING * * *
You miss the kobold. The kobold closely misses you.
You hit the kobold but do no damage. The kobold misses you.
You are too injured to fight recklessly!
You hit the kobold.
You kill the kobold!
You hit the rat.
You kill the rat!
You hit the hobgoblin but do no damage. The hobgoblin barely misses you.
You closely miss the hobgoblin. The hobgoblin hits you.
* * * LOW HITPOINT WARNING * * *
You hit the hobgoblin.
The hobgoblin is moderately wounded.
The hobgoblin hits you.
You die...

...?.....# #..........# #....
.........## +..........# #....
..........#####.......)..# ###..
.............#...........# #.#
..........##.#.####.....#######.#
#######...........+..............
.............#...##.....#######.#
#####.#.#..g.#.#.####.#########.#
# #.#.#.#..#.#@# #.##........# #
#.#.#.#.(#.#g####.##.######.# #
#)#.#>....†.................. #
#.#...#....#......##.##..#### #
#.##################.##..# # #
#.....)......).........#.# # #
####################.#.#.# #
######### #.#.#(####
........################.#.#.(...


You could see a hobgoblin.

Vanquished Creatures
  5 bats (D:1)
  2 goblins (D:1)
  A hobgoblin (D:1)
  2 jackals (D:1)
  4 kobolds (D:1)
  A frilled lizard (D:1)
  3 rats (D:1)
18 creatures vanquished.

Notes
Turn   | Place    | Note
-------+----------+-------------------------------------------
     0 | D:1      | Ishchenko the Hill Orc Monk began the quest for the Orb.
     0 | D:1      | Reached XP level 1. HP: 19/19 MP: 1/1
     6 | D:1      | Noticed a salamander
     6 | D:1      | Noticed a wyvern
     7 | D:1      | Noticed a lindwurm
   284 | D:1      | Reached XP level 2. HP: 27/27 MP: 2/2
   491 | D:1      | Reached skill level 4 in Fighting
   832 | D:1      | Slain by a hobgoblin

Illustrated notes

Levels and vault maps discovered:
D:1:      onia_arrival_zoo_common, layout_basic

Skill      XL: |  1  2 |
---------------+-------+-----
Fighting       | 4 |  4.0
Dodging        | |  2.6
Stealth        | |  1.7
Unarmed Combat | |  3.6

Action                   || total
-------------------------++-------
Melee: Unarmed           ||    69
       Punch             ||     1
 Stab: Sleeping          ||     3
Armor: Robe              ||    18
Dodge: Dodged            ||    68

Table legend: (Time is in decaauts)
 A = Elapsed time spent in this place.
 B = Non-inter-level travel time spent in this place.
 C = Inter-level travel time spent in this place.
 D = Time resting spent in this place.
 E = Time spent auto-exploring this place.
 F = Levels seen in this place.
 G = Mean time per level.
                   A        B        C        D        E       F      G
               +--------+--------+--------+--------+--------+-----+--------+
         Total |    827 |    827 |      0 |      0 |    670 |   1 |  827.0 |
       Dungeon |    827 |    827 |      0 |      0 |    670 |   1 |  827.0 |
               +--------+--------+--------+--------+--------+-----+--------+

Top non-repeatable levels by time:
     D:1: 827 daAuts
